[ PARTIDA AOE2 · #489200065 ]
UnrankedBritanos vs Berbers
[ ANÁLISIS DE REPETICIÓN · EXTRAÍDO DE LA PARTIDA GRABADA ]
Feudal
10:56
Castillos
18:43
Imperial
—
| APM promedio | 13.9 |
| APM pico | 27 |
| eAPM promedio | 9.9 |
| Aldeanos / militares | 75 / 16 |
Foco
⚔️ 13.2% · 🌾 86.8%
Longbowman ×16 · Trade Cart ×6
Feudal
11:56
Castillos
16:51
Imperial
—
| APM promedio | 29.5 |
| APM pico | 62 |
| eAPM promedio | 19.2 |
| Aldeanos / militares | 65 / 41 |
Foco
⚔️ 23.1% · 🌾 76.9%
Camel Scout ×32 · Fishing Ship ×22 · Battering Ram ×8 · Scout Cavalry ×1
Feudal
12:56
Castillos
18:54
Imperial
—
| APM promedio | 13.7 |
| APM pico | 32 |
| eAPM promedio | 11.7 |
| Aldeanos / militares | 86 / 11 |
Foco
⚔️ 9.7% · 🌾 90.3%
Ballista Elephant ×8 · Battering Ram ×3
Feudal
14:07
Castillos
19:19
Imperial
—
| APM promedio | 11.5 |
| APM pico | 22 |
| eAPM promedio | 9.0 |
| Aldeanos / militares | 63 / 30 |
Foco
⚔️ 17.3% · 🌾 82.7%
Militia ×30
Feudal
15:31
Castillos
—
Imperial
—
| APM promedio | 23.6 |
| APM pico | 68 |
| eAPM promedio | 6.4 |
| Aldeanos / militares | 39 / 0 |
Foco
⚔️ 7.6% · 🌾 92.4%
Feudal
11:25
Castillos
15:20
Imperial
—
| APM promedio | 16.6 |
| APM pico | 62 |
| eAPM promedio | 10.2 |
| Aldeanos / militares | 64 / 12 |
Foco
⚔️ 17.0% · 🌾 83.0%
Tarkan ×8 · Spearman ×2 · Scout Cavalry ×2
Feudal
13:18
Castillos
28:02
Imperial
—
| APM promedio | 34.6 |
| APM pico | 73 |
| eAPM promedio | 19.0 |
| Aldeanos / militares | 55 / 19 |
Foco
⚔️ 30.3% · 🌾 69.7%
Archer ×13 · Fishing Ship ×12 · Militia ×4 · Spearman ×2
Feudal
—
Castillos
—
Imperial
—
| APM promedio | 20.4 |
| APM pico | 43 |
| eAPM promedio | 16.6 |
| Aldeanos / militares | 93 / 24 |
Foco
⚔️ 22.5% · 🌾 77.5%
Serjeant ×19 · Battering Ram ×5
Mapa de la partida
Recursos iniciales + cada clic de construcción. Líneas = muros · curvas = relieve. ◆ oro · ⬟ piedra · ● bayas · ✦ reliquia · ◌ hueco del cierre
Tu base· ✓ Cerrada en 18:43 · 12t muro · 1 puerta(s)
Base de SgtNinja· ✓ Cerrada en 16:51 · 0t muro · frágil
Base de Subbotai00· ✓ Cerrada en 18:54 · 33t muro · 1 puerta(s)
Base de quera65· ✓ Cerrada en 19:19 · 0t muro · frágil
Base de 370085982· ✓ Cerrada en 12:00 · 17t muro · frágil
Base de dafr1997· ✓ Cerrada en 15:20 · 0t muro · frágil
Base de syedatun· ✓ Cerrada en 28:02 · 59t muro · 1 puerta(s) · frágil
Base de Juminican· ✓ Cerrada en 18:12 · 23t muro · 1 puerta(s)
Terreno inicial suavizado · ◌ = hueco del cierre detectado · pasá el cursor para detalles
Inputs por minuto
— steveroessler - - SgtNinja
Build order — steveroessler
Primeras 150 de 177 acciones detectadas
| 0:07 | Construir | House |
| 0:08 | Construir | House |
| 0:09 | Construir | House |
| 0:10 | Construir | House |
| 0:11 | Crear | Villager (Male) |
| 0:11 | Investigar | Loom |
| 0:11 | Crear | Villager (Male) |
| 0:11 | Crear | Villager (Male) |
| 0:11 | Crear | Villager (Male) |
| 1:16 | Construir | House |
| 1:43 | Crear | Villager (Male) |
| 2:21 | Crear | Villager (Male) |
| 2:35 | Crear | Villager (Male) |
| 3:14 | Construir | Palisade Wall |
| 3:17 | Construir | Palisade Gate |
| 3:30 | Crear | Villager (Male) |
| 3:31 | Crear | Villager (Male) |
| 3:31 | Crear | Villager (Male) |
| 4:16 | Crear | Villager (Male) |
| 4:16 | Crear | Villager (Male) |
| 4:17 | Crear | Villager (Male) |
| 4:17 | Crear | Villager (Male) |
| 4:46 | Crear | Villager (Male) |
| 5:40 | Crear | Villager (Male) |
| 5:41 | Crear | Villager (Male) |
| 5:42 | Crear | Villager (Male) |
| 6:12 | Construir | Lumber Camp |
| 7:18 | Crear | Villager (Male) |
| 7:27 | Construir | Mill |
| 7:37 | Crear | Villager (Male) |
| 8:46 | Investigar | Feudal Age |
| 8:52 | Construir | Mill |
| 9:03 | Crear | Villager (Male) |
| 10:56 | Edad | Edad Feudal |
| 11:03 | Crear | Villager (Male) |
| 11:23 | Crear | Villager (Male) |
| 11:23 | Crear | Villager (Male) |
| 11:24 | Crear | Villager (Male) |
| 11:24 | Crear | Villager (Male) |
| 12:00 | Construir | Market |
| 12:03 | Construir | Blacksmith |
| 12:10 | Construir | Mining Camp |
| 12:48 | Crear | Villager (Male) |
| 12:48 | Crear | Villager (Male) |
| 12:49 | Crear | Villager (Male) |
| 12:54 | Construir | Farm |
| 12:55 | Construir | Farm |
| 12:58 | Construir | Farm |
| 13:01 | Construir | Farm |
| 13:03 | Construir | Farm |
| 13:05 | Construir | Farm |
| 13:11 | Construir | Mining Camp |
| 13:13 | Crear | Villager (Male) |
| 13:13 | Crear | Villager (Male) |
| 13:14 | Crear | Villager (Male) |
| 13:33 | Construir | Mill |
| 13:55 | Construir | House |
| 13:56 | Construir | House |
| 13:56 | Construir | House |
| 14:43 | Construir | Farm |
| 16:03 | Investigar | Castle Age |
| 16:37 | Investigar | Double-Bit Axe |
| 17:11 | Investigar | Stone Mining |
| 17:28 | Investigar | Horse Collar |
| 17:39 | Crear | Villager (Male) |
| 18:43 | Edad | Edad de los Castillos |
| 18:49 | Construir | Town Center |
| 18:56 | Construir | Farm |
| 18:58 | Construir | Farm |
| 19:00 | Construir | Farm |
| 19:02 | Construir | Farm |
| 19:05 | Crear | Villager (Male) |
| 19:05 | Crear | Villager (Male) |
| 19:09 | Construir | Farm |
| 19:12 | Crear | Villager (Male) |
| 19:28 | Construir | Farm |
| 19:33 | Crear | Villager (Male) |
| 19:37 | Construir | Town Center |
| 19:39 | Crear | Villager (Male) |
| 19:43 | Crear | Villager (Male) |
| 19:47 | Crear | Villager (Male) |
| 19:47 | Crear | Villager (Male) |
| 19:48 | Crear | Villager (Male) |
| 19:48 | Crear | Villager (Male) |
| 19:49 | Crear | Villager (Male) |
| 19:49 | Crear | Villager (Male) |
| 20:58 | Investigar | Bow Saw |
| 21:02 | Investigar | Fletching |
| 21:23 | Crear | Villager (Male) |
| 21:23 | Crear | Villager (Male) |
| 21:25 | Crear | Villager (Male) |
| 21:30 | Crear | Villager (Male) |
| 21:40 | Construir | Castle |
| 21:42 | Construir | Farm |
| 21:50 | Crear | Villager (Male) |
| 21:51 | Crear | Villager (Male) |
| 22:06 | Crear | Trade Cart |
| 22:07 | Crear | Trade Cart |
| 22:07 | Crear | Trade Cart |
| 22:07 | Crear | Trade Cart |
| 22:08 | Crear | Trade Cart |
| 22:08 | Crear | Trade Cart |
| 22:13 | Construir | Farm |
| 22:16 | Crear | Villager (Male) |
| 22:17 | Crear | Villager (Male) |
| 22:20 | Crear | Villager (Male) |
| 22:36 | Investigar | Padded Archer Armor |
| 22:46 | Crear | Villager (Male) |
| 22:48 | Construir | Farm |
| 23:07 | Construir | Castle |
| 23:17 | Construir | House |
| 23:18 | Construir | House |
| 23:19 | Construir | House |
| 23:20 | Construir | House |
| 23:21 | Construir | House |
| 23:22 | Construir | House |
| 23:23 | Construir | House |
| 23:24 | Construir | House |
| 23:24 | Construir | House |
| 23:26 | Construir | House |
| 23:42 | Investigar | Wheelbarrow |
| 23:46 | Investigar | Leather Archer Armor |
| 23:57 | Crear | Villager (Male) |
| 24:17 | Construir | University |
| 24:23 | Crear | Villager (Male) |
| 24:26 | Crear | Villager (Male) |
| 24:28 | Crear | Villager (Male) |
| 24:48 | Crear | Villager (Male) |
| 25:00 | Crear | Villager (Male) |
| 25:16 | Crear | Villager (Male) |
| 25:18 | Investigar | Heavy Plow |
| 25:24 | Crear | Villager (Male) |
| 25:28 | Investigar | Ballistics |
| 25:30 | Construir | Farm |
| 25:36 | Crear | Villager (Male) |
| 25:52 | Construir | Farm |
| 25:54 | Crear | Villager (Male) |
| 25:58 | Crear | Villager (Male) |
| 25:59 | Crear | Villager (Male) |
| 26:11 | Crear | Villager (Male) |
| 26:21 | Construir | Farm |
| 26:27 | Construir | Farm |
| 26:34 | Construir | Farm |
| 26:40 | Construir | Farm |
| 26:43 | Crear | Villager (Male) |
| 26:46 | Investigar | Bodkin Arrow |
| 26:51 | Construir | Farm |
| 26:52 | Crear | Villager (Male) |
| 26:55 | Crear | Villager (Male) |
| 27:15 | Construir | Lumber Camp |
Build order — SgtNinja
Primeras 150 de 198 acciones detectadas
| 0:02 | Crear | Villager (Male) |
| 0:02 | Crear | Villager (Male) |
| 0:04 | Construir | House |
| 0:08 | Construir | House |
| 0:34 | Crear | Villager (Male) |
| 0:34 | Crear | Villager (Male) |
| 1:51 | Crear | Villager (Male) |
| 2:03 | Crear | Villager (Male) |
| 2:17 | Crear | Villager (Male) |
| 2:30 | Construir | Lumber Camp |
| 2:47 | Crear | Villager (Male) |
| 2:47 | Crear | Villager (Male) |
| 3:16 | Crear | Villager (Male) |
| 4:06 | Crear | Villager (Male) |
| 4:14 | Construir | House |
| 4:48 | Crear | Villager (Male) |
| 4:49 | Crear | Villager (Male) |
| 4:49 | Crear | Villager (Male) |
| 4:50 | Crear | Villager (Male) |
| 4:50 | Crear | Villager (Male) |
| 4:59 | Crear | Villager (Male) |
| 5:48 | Crear | Villager (Male) |
| 5:48 | Crear | Villager (Male) |
| 5:49 | Crear | Villager (Male) |
| 6:16 | Crear | Villager (Male) |
| 7:02 | Construir | Dock |
| 7:05 | Construir | House |
| 8:13 | Crear | Villager (Male) |
| 8:14 | Crear | Fishing Ship |
| 8:14 | Crear | Fishing Ship |
| 8:22 | Construir | House |
| 8:43 | Construir | Mill |
| 8:46 | Crear | Villager (Male) |
| 8:47 | Crear | Villager (Male) |
| 9:16 | Crear | Fishing Ship |
| 9:17 | Crear | Fishing Ship |
| 9:43 | Investigar | Feudal Age |
| 10:23 | Construir | Mining Camp |
| 10:48 | Crear | Fishing Ship |
| 11:02 | Construir | Mill |
| 11:05 | Crear | Villager (Male) |
| 11:18 | Crear | Villager (Male) |
| 11:27 | Construir | House |
| 11:33 | Crear | Villager (Male) |
| 11:36 | Crear | Fishing Ship |
| 11:38 | Crear | Fishing Ship |
| 11:56 | Edad | Edad Feudal |
| 12:02 | Crear | Villager (Male) |
| 12:21 | Construir | Market |
| 12:27 | Crear | Villager (Male) |
| 12:28 | Crear | Villager (Male) |
| 12:57 | Crear | Villager (Male) |
| 13:12 | Construir | Blacksmith |
| 13:16 | Crear | Fishing Ship |
| 13:16 | Crear | Fishing Ship |
| 13:33 | Construir | Dock |
| 13:37 | Crear | Villager (Male) |
| 13:38 | Crear | Villager (Male) |
| 13:38 | Crear | Villager (Male) |
| 14:11 | Investigar | Castle Age |
| 14:11 | Investigar | Castle Age |
| 14:29 | Construir | House |
| 14:30 | Construir | House |
| 14:30 | Construir | House |
| 14:30 | Construir | House |
| 14:30 | Construir | House |
| 14:38 | Construir | House |
| 14:38 | Construir | House |
| 14:40 | Crear | Villager (Male) |
| 14:56 | Construir | Fish Trap |
| 15:33 | Crear | Villager (Male) |
| 15:33 | Crear | Villager (Male) |
| 15:33 | Crear | Villager (Male) |
| 15:36 | Crear | Fishing Ship |
| 15:36 | Crear | Fishing Ship |
| 15:36 | Crear | Fishing Ship |
| 15:36 | Crear | Fishing Ship |
| 15:47 | Construir | Fish Trap |
| 16:11 | Construir | Fish Trap |
| 16:19 | Construir | Fish Trap |
| 16:40 | Construir | Fish Trap |
| 16:51 | Edad | Edad de los Castillos |
| 16:51 | Crear | Villager (Male) |
| 17:14 | Construir | Fish Trap |
| 17:36 | Construir | Fish Trap |
| 17:44 | Crear | Villager (Male) |
| 17:44 | Crear | Villager (Male) |
| 17:53 | Crear | Villager (Male) |
| 18:06 | Crear | Villager (Male) |
| 18:17 | Crear | Villager (Male) |
| 18:47 | Construir | Stone Wall |
| 18:50 | Construir | Stone Wall |
| 18:57 | Construir | Fish Trap |
| 19:02 | Construir | Fish Trap |
| 19:10 | Construir | Fish Trap |
| 19:28 | Construir | Town Center |
| 19:30 | Crear | Villager (Male) |
| 19:30 | Crear | Villager (Male) |
| 19:37 | Crear | Fishing Ship |
| 19:37 | Crear | Fishing Ship |
| 19:37 | Crear | Fishing Ship |
| 19:44 | Crear | Fishing Ship |
| 19:44 | Crear | Fishing Ship |
| 20:03 | Crear | Villager (Male) |
| 20:04 | Crear | Villager (Male) |
| 20:30 | Construir | Barracks |
| 20:37 | Crear | Villager (Male) |
| 20:50 | Crear | Fishing Ship |
| 20:54 | Investigar | Tech 906 |
| 21:06 | Construir | Fish Trap |
| 21:16 | Construir | Fish Trap |
| 21:22 | Crear | Fishing Ship |
| 21:37 | Construir | Fish Trap |
| 21:51 | Construir | Fish Trap |
| 21:58 | Crear | Fishing Ship |
| 22:14 | Construir | Fish Trap |
| 22:17 | Crear | Fishing Ship |
| 22:27 | Crear | Villager (Male) |
| 22:29 | Crear | Villager (Male) |
| 22:32 | Crear | Villager (Male) |
| 22:32 | Crear | Villager (Male) |
| 22:33 | Crear | Villager (Male) |
| 22:37 | Crear | Villager (Male) |
| 22:38 | Crear | Villager (Male) |
| 22:46 | Construir | Stable |
| 22:53 | Crear | Villager (Male) |
| 22:58 | Construir | Lumber Camp |
| 23:00 | Investigar | Double-Bit Axe |
| 23:00 | Investigar | Double-Bit Axe |
| 23:24 | Construir | Monastery |
| 23:44 | Construir | Stable |
| 23:49 | Construir | House |
| 23:49 | Construir | House |
| 23:49 | Construir | House |
| 23:49 | Construir | House |
| 23:49 | Construir | House |
| 23:50 | Construir | House |
| 23:50 | Construir | House |
| 24:00 | Construir | House |
| 24:03 | Construir | House |
| 24:25 | Construir | Stable |
| 24:35 | Crear | Camel Scout |
| 24:36 | Crear | Camel Scout |
| 24:36 | Crear | Camel Scout |
| 24:36 | Crear | Camel Scout |
| 24:36 | Crear | Camel Scout |
| 24:36 | Crear | Camel Scout |
| 24:37 | Crear | Camel Scout |
| 24:37 | Crear | Camel Scout |
| 24:37 | Crear | Camel Scout |
Build order — Subbotai00
Primeras 150 de 154 acciones detectadas
| 0:02 | Crear | Villager (Male) |
| 0:02 | Crear | Villager (Male) |
| 0:02 | Crear | Villager (Male) |
| 0:06 | Investigar | Loom |
| 0:06 | Crear | Villager (Male) |
| 0:06 | Crear | Villager (Male) |
| 0:07 | Crear | Villager (Male) |
| 0:10 | Construir | House |
| 0:11 | Construir | House |
| 0:37 | Construir | Palisade Wall |
| 2:12 | Crear | Villager (Male) |
| 2:43 | Crear | Villager (Male) |
| 3:39 | Crear | Villager (Male) |
| 3:39 | Crear | Villager (Male) |
| 3:39 | Crear | Villager (Male) |
| 4:16 | Construir | House |
| 4:38 | Crear | Villager (Male) |
| 5:05 | Crear | Villager (Male) |
| 5:05 | Crear | Villager (Male) |
| 5:23 | Crear | Villager (Male) |
| 5:29 | Construir | Lumber Camp |
| 6:00 | Crear | Villager (Male) |
| 6:00 | Crear | Villager (Male) |
| 6:00 | Crear | Villager (Male) |
| 6:03 | Crear | Villager (Male) |
| 6:58 | Construir | House |
| 7:17 | Crear | Villager (Male) |
| 7:40 | Crear | Villager (Male) |
| 7:54 | Construir | Mill |
| 8:14 | Crear | Villager (Male) |
| 8:14 | Crear | Villager (Male) |
| 8:15 | Crear | Villager (Male) |
| 8:50 | Construir | House |
| 8:51 | Construir | House |
| 8:58 | Construir | House |
| 9:31 | Construir | House |
| 9:35 | Crear | Villager (Male) |
| 9:58 | Crear | Villager (Male) |
| 10:10 | Construir | Mining Camp |
| 10:46 | Investigar | Feudal Age |
| 11:33 | Crear | Villager (Male) |
| 11:34 | Crear | Villager (Male) |
| 11:34 | Crear | Villager (Male) |
| 12:29 | Construir | Lumber Camp |
| 12:56 | Edad | Edad Feudal |
| 13:15 | Construir | Stone Wall |
| 13:22 | Construir | Gate |
| 13:35 | Investigar | Double-Bit Axe |
| 14:05 | Crear | Villager (Male) |
| 14:31 | Construir | Market |
| 14:38 | Crear | Villager (Male) |
| 14:39 | Crear | Villager (Male) |
| 14:57 | Construir | Mining Camp |
| 16:14 | Investigar | Castle Age |
| 17:19 | Construir | Barracks |
| 17:29 | Construir | Farm |
| 17:47 | Investigar | Horse Collar |
| 18:44 | Construir | Stable |
| 18:54 | Edad | Edad de los Castillos |
| 18:57 | Crear | Villager (Male) |
| 18:57 | Crear | Villager (Male) |
| 18:57 | Crear | Villager (Male) |
| 19:19 | Construir | Town Center |
| 19:30 | Crear | Villager (Male) |
| 19:56 | Crear | Villager (Male) |
| 20:23 | Construir | Town Center |
| 20:43 | Crear | Villager (Male) |
| 20:44 | Crear | Villager (Male) |
| 21:20 | Crear | Villager (Male) |
| 21:21 | Crear | Villager (Male) |
| 21:34 | Crear | Villager (Male) |
| 21:56 | Construir | Castle |
| 22:12 | Construir | Siege Workshop |
| 22:17 | Crear | Villager (Male) ×4 |
| 22:17 | Crear | Villager (Male) ×4 |
| 22:25 | Construir | Farm |
| 22:26 | Construir | Farm |
| 22:36 | Construir | Farm |
| 22:36 | Construir | Farm |
| 22:37 | Construir | Farm |
| 22:37 | Construir | Farm |
| 22:49 | Crear | Villager (Male) ×2 |
| 22:49 | Crear | Villager (Male) ×2 |
| 23:08 | Crear | Villager (Male) |
| 23:22 | Construir | Farm |
| 23:29 | Construir | Farm |
| 23:29 | Construir | Farm |
| 23:30 | Construir | Farm |
| 23:31 | Construir | Farm |
| 23:36 | Crear | Villager (Male) |
| 23:36 | Crear | Villager (Male) |
| 23:43 | Construir | Farm |
| 23:43 | Construir | Farm |
| 23:44 | Construir | Farm |
| 23:49 | Crear | Villager (Male) |
| 23:49 | Crear | Villager (Male) |
| 24:05 | Crear | Villager (Male) ×4 |
| 24:06 | Crear | Villager (Male) |
| 24:06 | Crear | Villager (Male) |
| 24:10 | Construir | Farm |
| 24:10 | Construir | Farm |
| 24:10 | Construir | Farm |
| 24:11 | Construir | Farm |
| 24:11 | Construir | Farm |
| 24:11 | Construir | Farm |
| 24:11 | Construir | Farm |
| 24:11 | Construir | Farm |
| 24:12 | Construir | Farm |
| 24:12 | Construir | Farm |
| 24:12 | Construir | Farm |
| 24:32 | Crear | Ballista Elephant |
| 25:04 | Crear | Ballista Elephant |
| 25:07 | Crear | Battering Ram |
| 25:12 | Crear | Villager (Male) ×2 |
| 25:12 | Crear | Villager (Male) ×2 |
| 25:20 | Construir | Farm |
| 25:22 | Crear | Villager (Male) |
| 25:26 | Crear | Villager (Male) |
| 25:27 | Crear | Villager (Male) |
| 25:35 | Crear | Villager (Male) |
| 25:35 | Crear | Villager (Male) |
| 25:51 | Crear | Ballista Elephant |
| 25:56 | Crear | Battering Ram |
| 26:09 | Construir | House |
| 26:10 | Construir | House |
| 26:12 | Construir | House |
| 26:14 | Construir | House |
| 26:16 | Construir | House |
| 26:26 | Construir | House |
| 26:27 | Construir | House |
| 26:28 | Construir | House |
| 26:29 | Construir | House |
| 26:30 | Construir | House |
| 27:05 | Crear | Ballista Elephant |
| 27:06 | Crear | Ballista Elephant |
| 27:10 | Crear | Battering Ram |
| 27:30 | Construir | Siege Workshop |
| 27:44 | Construir | Castle |
| 27:57 | Crear | Ballista Elephant |
| 27:57 | Crear | Ballista Elephant |
| 28:06 | Investigar | Husbandry |
| 28:07 | Investigar | Bloodlines |
| 28:10 | Crear | Villager (Male) ×3 |
| 28:15 | Crear | Villager (Male) |
| 28:15 | Crear | Villager (Male) |
| 28:22 | Construir | Blacksmith |
| 28:30 | Construir | University |
| 28:32 | Crear | Villager (Male) ×2 |
| 29:13 | Construir | Siege Workshop |
| 29:16 | Crear | Villager (Male) ×5 |
Build order — quera65
Primeras 150 de 153 acciones detectadas
| 0:04 | Investigar | Loom |
| 0:05 | Crear | Villager (Male) ×4 |
| 0:10 | Construir | House |
| 0:40 | Construir | House |
| 0:41 | Construir | House |
| 1:39 | Crear | Villager (Male) |
| 1:57 | Construir | House |
| 1:59 | Construir | House |
| 2:01 | Construir | House |
| 2:18 | Crear | Villager (Male) |
| 2:39 | Crear | Villager (Male) |
| 2:50 | Construir | House |
| 2:51 | Construir | House |
| 2:55 | Crear | Villager (Male) |
| 3:21 | Crear | Villager (Male) |
| 3:21 | Crear | Villager (Male) |
| 3:55 | Crear | Villager (Male) |
| 4:19 | Crear | Villager (Male) ×2 |
| 4:50 | Crear | Villager (Male) |
| 5:25 | Crear | Villager (Male) |
| 5:28 | Crear | Villager (Male) |
| 5:46 | Crear | Villager (Male) |
| 5:49 | Crear | Villager (Male) |
| 6:01 | Construir | Lumber Camp |
| 6:51 | Crear | Villager (Male) |
| 7:30 | Crear | Villager (Male) |
| 7:31 | Crear | Villager (Male) |
| 7:45 | Construir | Mill |
| 7:53 | Crear | Villager (Male) |
| 8:20 | Crear | Villager (Male) |
| 8:43 | Crear | Villager (Male) |
| 9:20 | Construir | Mill |
| 9:26 | Crear | Villager (Male) |
| 9:26 | Crear | Villager (Male) |
| 10:31 | Crear | Villager (Male) |
| 10:53 | Crear | Villager (Male) |
| 11:16 | Construir | House |
| 11:17 | Construir | House |
| 11:19 | Construir | House |
| 11:20 | Construir | House |
| 11:25 | Construir | House |
| 11:32 | Crear | Villager (Male) |
| 11:42 | Investigar | Feudal Age |
| 12:02 | Construir | Mining Camp |
| 13:04 | Crear | Villager (Male) |
| 13:04 | Crear | Villager (Male) |
| 13:04 | Crear | Villager (Male) |
| 13:36 | Construir | Farm |
| 13:38 | Construir | Farm |
| 13:39 | Construir | Farm |
| 13:41 | Construir | Farm |
| 13:45 | Construir | Farm |
| 13:47 | Construir | Farm |
| 14:07 | Edad | Edad Feudal |
| 14:15 | Construir | Mining Camp |
| 14:26 | Construir | Farm |
| 14:28 | Construir | Farm |
| 14:29 | Construir | Farm |
| 14:34 | Construir | Farm |
| 14:40 | Crear | Villager (Male) |
| 14:41 | Crear | Villager (Male) |
| 14:50 | Construir | Blacksmith |
| 14:54 | Construir | Market |
| 15:07 | Investigar | Horse Collar |
| 15:42 | Crear | Villager (Male) |
| 16:14 | Crear | Villager (Male) |
| 16:39 | Investigar | Castle Age |
| 17:13 | Construir | Farm |
| 17:15 | Investigar | Stone Mining |
| 17:23 | Investigar | Double-Bit Axe |
| 17:30 | Construir | House |
| 17:32 | Construir | House |
| 17:32 | Construir | House |
| 17:33 | Construir | House |
| 17:34 | Construir | House |
| 18:02 | Investigar | Wheelbarrow |
| 18:03 | Crear | Villager (Male) ×4 |
| 19:02 | Crear | Villager (Male) |
| 19:03 | Investigar | Town Watch |
| 19:06 | Investigar | Gold Mining |
| 19:19 | Edad | Edad de los Castillos |
| 19:25 | Construir | Town Center |
| 19:44 | Construir | Town Center |
| 20:16 | Crear | Villager (Male) ×5 |
| 21:08 | Construir | Barracks |
| 21:16 | Crear | Villager (Male) |
| 21:22 | Investigar | Bow Saw |
| 21:25 | Crear | Villager (Male) |
| 21:27 | Crear | Villager (Male) |
| 21:40 | Crear | Villager (Male) |
| 22:14 | Construir | Barracks |
| 22:20 | Construir | Palisade Wall |
| 22:21 | Investigar | Man-at-Arms (upgrade) |
| 22:22 | Crear | Militia ×2 |
| 22:38 | Construir | Farm |
| 22:40 | Construir | Farm |
| 22:41 | Construir | Farm |
| 22:42 | Construir | Farm |
| 22:43 | Construir | Farm |
| 22:45 | Construir | Farm |
| 22:46 | Construir | Farm |
| 22:48 | Construir | Farm |
| 22:51 | Crear | Villager (Male) |
| 22:54 | Crear | Villager (Male) |
| 23:06 | Crear | Villager (Male) |
| 23:32 | Construir | Castle |
| 23:36 | Crear | Militia ×4 |
| 23:45 | Crear | Villager (Male) |
| 23:55 | Construir | Farm |
| 23:56 | Construir | Farm |
| 23:57 | Construir | Farm |
| 23:58 | Construir | Farm |
| 23:59 | Construir | Farm |
| 24:03 | Crear | Villager (Male) ×2 |
| 24:10 | Crear | Villager (Male) |
| 24:20 | Construir | Farm |
| 24:22 | Construir | Farm |
| 24:23 | Construir | Farm |
| 24:24 | Construir | Farm |
| 24:26 | Construir | Farm |
| 24:27 | Construir | Farm |
| 24:33 | Investigar | Long Swordsman (upgrade) |
| 25:34 | Crear | Militia |
| 25:34 | Crear | Militia |
| 25:34 | Crear | Militia |
| 25:36 | Crear | Militia |
| 25:36 | Crear | Militia |
| 25:42 | Investigar | Forging |
| 25:43 | Investigar | Scale Mail Armor |
| 25:50 | Construir | Farm |
| 25:51 | Construir | Farm |
| 25:52 | Construir | Farm |
| 25:56 | Crear | Villager (Male) |
| 25:56 | Crear | Villager (Male) |
| 25:59 | Crear | Villager (Male) |
| 25:59 | Crear | Villager (Male) |
| 26:01 | Crear | Villager (Male) ×2 |
| 26:05 | Crear | Militia |
| 26:09 | Crear | Militia |
| 26:12 | Crear | Militia |
| 26:12 | Crear | Militia |
| 26:57 | Crear | Militia |
| 26:58 | Crear | Militia |
| 27:00 | Crear | Militia |
| 27:00 | Crear | Militia |
| 27:00 | Crear | Militia |
| 27:32 | Construir | Siege Workshop |
| 27:55 | Crear | Militia |
| 27:55 | Crear | Militia |
| 27:55 | Crear | Militia |
Build order — 370085982
80 acciones detectadas en el replay
| 0:06 | Investigar | Loom |
| 0:07 | Crear | Villager (Male) |
| 0:07 | Crear | Villager (Male) |
| 0:07 | Crear | Villager (Male) |
| 0:07 | Crear | Villager (Male) |
| 0:07 | Crear | Villager (Male) |
| 0:10 | Construir | House |
| 1:06 | Construir | Palisade Wall |
| 1:56 | Construir | House |
| 3:11 | Crear | Villager (Male) |
| 3:11 | Crear | Villager (Male) |
| 3:12 | Crear | Villager (Male) |
| 3:13 | Construir | House |
| 3:29 | Construir | Palisade Wall |
| 4:07 | Crear | Villager (Male) |
| 4:08 | Crear | Villager (Male) |
| 4:33 | Crear | Villager (Male) |
| 4:33 | Crear | Villager (Male) |
| 5:07 | Crear | Villager (Male) |
| 5:07 | Crear | Villager (Male) |
| 5:32 | Crear | Villager (Male) |
| 5:33 | Crear | Villager (Male) |
| 5:44 | Construir | Mill |
| 6:05 | Construir | House |
| 6:48 | Crear | Villager (Male) |
| 6:48 | Crear | Villager (Male) |
| 7:25 | Crear | Villager (Male) |
| 7:25 | Crear | Villager (Male) |
| 7:50 | Crear | Villager (Male) |
| 7:50 | Crear | Villager (Male) |
| 7:50 | Crear | Villager (Male) |
| 8:15 | Crear | Villager (Male) |
| 8:15 | Crear | Villager (Male) |
| 8:45 | Construir | Lumber Camp |
| 8:57 | Crear | Villager (Male) |
| 8:57 | Crear | Villager (Male) |
| 9:38 | Construir | Lumber Camp |
| 9:43 | Crear | Villager (Male) |
| 10:13 | Crear | Villager (Male) |
| 10:13 | Crear | Villager (Male) |
| 10:31 | Crear | Villager (Male) |
| 12:06 | Crear | Villager (Male) |
| 12:06 | Crear | Villager (Male) |
| 12:16 | Construir | House |
| 12:32 | Crear | Villager (Male) |
| 12:57 | Construir | Mining Camp |
| 13:20 | Investigar | Feudal Age |
| 13:21 | Investigar | Feudal Age |
| 14:10 | Construir | Farm |
| 14:12 | Construir | Farm |
| 14:13 | Construir | Farm |
| 14:14 | Construir | Farm |
| 14:15 | Construir | Farm |
| 14:16 | Construir | Farm |
| 14:17 | Construir | Farm |
| 14:18 | Construir | Farm |
| 15:16 | Crear | Villager (Male) |
| 15:17 | Crear | Villager (Male) |
| 15:31 | Edad | Edad Feudal |
| 15:41 | Construir | Mill |
| 15:51 | Construir | Blacksmith |
| 16:01 | Construir | Market |
| 16:18 | Construir | Stone Wall |
| 16:27 | Construir | Stone Wall |
| 16:39 | Construir | Gate |
| 16:53 | Construir | Gate |
| 17:01 | Construir | Gate |
| 17:14 | Crear | Villager (Male) |
| 17:15 | Crear | Villager (Male) |
| 17:15 | Crear | Villager (Male) |
| 17:17 | Construir | Farm |
| 17:18 | Construir | Farm |
| 17:19 | Construir | Farm |
| 17:21 | Construir | Farm |
| 17:22 | Construir | Farm |
| 17:23 | Construir | Farm |
| 17:24 | Construir | Farm |
| 17:49 | Construir | Stone Wall |
| 17:56 | Construir | Stone Wall |
| 18:06 | Construir | Stone Wall |
Build order — dafr1997
122 acciones detectadas en el replay
| 0:01 | Crear | Villager (Male) |
| 0:01 | Crear | Villager (Male) |
| 0:02 | Crear | Villager (Male) |
| 0:02 | Crear | Villager (Male) |
| 0:02 | Crear | Villager (Male) |
| 1:32 | Crear | Villager (Male) |
| 1:56 | Construir | Lumber Camp |
| 2:02 | Crear | Villager (Male) |
| 2:17 | Crear | Villager (Male) |
| 2:58 | Crear | Villager (Male) |
| 3:19 | Crear | Villager (Male) |
| 3:37 | Crear | Villager (Male) |
| 4:15 | Crear | Villager (Male) |
| 4:16 | Crear | Villager (Male) |
| 4:53 | Construir | Mill |
| 4:58 | Crear | Villager (Male) |
| 5:08 | Crear | Villager (Male) |
| 5:23 | Crear | Villager (Male) |
| 6:16 | Crear | Villager (Male) |
| 6:25 | Crear | Villager (Male) |
| 7:00 | Crear | Villager (Male) |
| 7:30 | Crear | Villager (Male) |
| 7:42 | Construir | Mill |
| 7:51 | Crear | Villager (Male) |
| 7:54 | Crear | Villager (Male) |
| 8:17 | Crear | Villager (Male) |
| 8:18 | Investigar | Feudal Age |
| 8:45 | Construir | Mining Camp |
| 9:19 | Construir | Farm |
| 9:38 | Crear | Villager (Male) |
| 9:39 | Crear | Villager (Male) |
| 10:00 | Construir | Farm |
| 11:23 | Construir | Farm |
| 11:25 | Edad | Edad Feudal |
| 11:30 | Construir | Blacksmith |
| 11:56 | Investigar | Loom |
| 11:59 | Construir | Market |
| 12:35 | Investigar | Castle Age |
| 12:35 | Investigar | Castle Age |
| 12:42 | Construir | Mining Camp |
| 13:12 | Construir | Mining Camp |
| 13:42 | Construir | Farm |
| 13:47 | Construir | Farm |
| 14:23 | Investigar | Scale Barding Armor |
| 14:46 | Crear | Villager (Male) |
| 15:20 | Edad | Edad de los Castillos |
| 15:37 | Construir | Castle |
| 15:42 | Crear | Villager (Male) |
| 15:53 | Crear | Villager (Male) |
| 16:18 | Construir | Farm |
| 16:23 | Construir | Farm |
| 16:26 | Crear | Villager (Male) |
| 16:47 | Construir | Lumber Camp |
| 16:51 | Crear | Tarkan |
| 16:52 | Crear | Tarkan |
| 16:52 | Crear | Tarkan |
| 16:53 | Crear | Tarkan |
| 17:05 | Crear | Villager (Male) |
| 17:10 | Construir | Farm |
| 17:15 | Construir | Farm |
| 17:24 | Crear | Villager (Male) |
| 17:49 | Crear | Villager (Male) |
| 18:32 | Crear | Villager (Male) |
| 18:35 | Crear | Villager (Male) |
| 18:45 | Crear | Villager (Male) |
| 18:53 | Construir | Farm |
| 18:55 | Crear | Villager (Male) |
| 19:05 | Construir | Town Center |
| 19:14 | Crear | Tarkan |
| 19:41 | Construir | Town Center |
| 20:03 | Investigar | Town Watch |
| 20:32 | Construir | Farm |
| 20:38 | Construir | Farm |
| 20:39 | Crear | Villager (Male) |
| 20:44 | Crear | Villager (Male) |
| 21:14 | Crear | Villager (Male) |
| 21:16 | Investigar | Double-Bit Axe |
| 21:25 | Construir | Lumber Camp |
| 21:30 | Crear | Villager (Male) |
| 21:32 | Crear | Villager (Male) |
| 22:32 | Crear | Villager (Male) |
| 22:33 | Crear | Villager (Male) |
| 23:15 | Crear | Villager (Male) |
| 23:16 | Crear | Villager (Male) |
| 23:17 | Crear | Villager (Male) |
| 23:18 | Crear | Villager (Male) |
| 23:26 | Construir | Town Center |
| 24:35 | Investigar | Wheelbarrow |
| 24:52 | Construir | Town Center |
| 24:58 | Crear | Villager (Male) |
| 24:58 | Crear | Villager (Male) |
| 24:59 | Investigar | Town Patrol |
| 25:05 | Crear | Villager (Male) |
| 25:09 | Investigar | Town Patrol |
| 26:05 | Crear | Villager (Male) |
| 26:05 | Crear | Villager (Male) |
| 26:16 | Construir | Barracks |
| 26:28 | Crear | Villager (Male) |
| 26:29 | Crear | Villager (Male) |
| 26:29 | Crear | Villager (Male) |
| 26:30 | Crear | Villager (Male) |
| 26:34 | Construir | Barracks |
| 26:41 | Crear | Villager (Male) |
| 26:42 | Crear | Villager (Male) |
| 26:43 | Crear | Villager (Male) |
| 26:54 | Crear | Tarkan |
| 26:55 | Crear | Tarkan |
| 26:55 | Crear | Tarkan |
| 27:06 | Crear | Villager (Male) |
| 27:12 | Crear | Spearman |
| 27:12 | Crear | Spearman |
| 27:53 | Construir | Mill |
| 28:07 | Crear | Villager (Male) |
| 28:07 | Crear | Villager (Male) |
| 28:43 | Construir | Castle |
| 29:00 | Construir | Stable |
| 29:07 | Investigar | Pikeman (upgrade) |
| 29:07 | Investigar | Squires |
| 29:16 | Crear | Villager (Male) |
| 29:17 | Crear | Villager (Male) |
| 29:20 | Crear | Scout Cavalry |
| 29:21 | Crear | Scout Cavalry |
Build order — syedatun
Primeras 150 de 165 acciones detectadas
| 0:04 | Investigar | Loom |
| 0:04 | Crear | Villager (Male) |
| 0:22 | Construir | Palisade Wall |
| 0:31 | Construir | Palisade Gate |
| 0:47 | Construir | Palisade Wall |
| 1:09 | Crear | Villager (Male) |
| 1:10 | Crear | Villager (Male) |
| 1:10 | Crear | Villager (Male) |
| 1:25 | Construir | Palisade Wall |
| 1:29 | Construir | House |
| 1:32 | Crear | Villager (Male) |
| 1:33 | Crear | Villager (Male) |
| 2:05 | Construir | House |
| 2:20 | Construir | Lumber Camp |
| 3:31 | Construir | House |
| 3:38 | Crear | Villager (Male) |
| 3:44 | Crear | Villager (Male) |
| 3:45 | Crear | Villager (Male) |
| 3:56 | Construir | House |
| 4:11 | Crear | Villager (Male) |
| 4:40 | Crear | Villager (Male) |
| 4:41 | Crear | Villager (Male) |
| 5:25 | Crear | Villager (Male) |
| 5:26 | Crear | Villager (Male) |
| 5:26 | Crear | Villager (Male) |
| 6:19 | Crear | Villager (Male) |
| 6:19 | Crear | Villager (Male) |
| 6:20 | Crear | Villager (Male) |
| 7:01 | Crear | Villager (Male) |
| 7:01 | Crear | Villager (Male) |
| 7:01 | Crear | Villager (Male) |
| 7:55 | Crear | Villager (Male) |
| 7:55 | Crear | Villager (Male) |
| 8:35 | Crear | Villager (Male) |
| 8:35 | Crear | Villager (Male) |
| 8:35 | Crear | Villager (Male) |
| 8:36 | Crear | Villager (Male) |
| 9:18 | Crear | Villager (Male) |
| 9:48 | Crear | Villager (Male) |
| 10:03 | Construir | House |
| 10:39 | Construir | Mill |
| 10:48 | Crear | Villager (Male) |
| 10:57 | Construir | Dock |
| 11:06 | Construir | Dock |
| 11:15 | Investigar | Feudal Age |
| 11:15 | Investigar | Feudal Age |
| 11:15 | Investigar | Feudal Age |
| 11:45 | Construir | Lumber Camp |
| 11:49 | Crear | Fishing Ship |
| 12:10 | Crear | Villager (Male) |
| 12:10 | Crear | Villager (Male) |
| 12:10 | Crear | Villager (Male) |
| 12:11 | Crear | Villager (Male) |
| 12:42 | Crear | Fishing Ship |
| 13:05 | Construir | Barracks |
| 13:18 | Edad | Edad Feudal |
| 13:26 | Construir | Stone Wall |
| 13:31 | Construir | Stone Wall |
| 13:47 | Crear | Villager (Male) |
| 14:00 | Construir | Lumber Camp |
| 14:08 | Construir | House |
| 14:25 | Crear | Fishing Ship |
| 14:25 | Crear | Fishing Ship |
| 14:40 | Construir | House |
| 14:51 | Construir | Mining Camp |
| 15:05 | Crear | Villager (Male) |
| 15:12 | Crear | Fishing Ship |
| 15:12 | Crear | Fishing Ship |
| 15:31 | Construir | Stone Wall |
| 15:45 | Construir | Lumber Camp |
| 16:03 | Construir | Stone Wall |
| 16:07 | Construir | Stone Wall |
| 16:10 | Crear | Villager (Male) |
| 16:10 | Crear | Villager (Male) |
| 16:11 | Crear | Villager (Male) |
| 16:19 | Construir | House |
| 16:20 | Construir | House |
| 16:25 | Crear | Fishing Ship |
| 16:25 | Crear | Fishing Ship |
| 16:31 | Construir | Stone Wall |
| 16:36 | Investigar | Double-Bit Axe |
| 16:36 | Investigar | Double-Bit Axe |
| 17:05 | Crear | Fishing Ship |
| 17:06 | Crear | Fishing Ship |
| 17:13 | Crear | Villager (Male) |
| 17:14 | Crear | Villager (Male) |
| 17:41 | Crear | Villager (Male) |
| 17:42 | Crear | Villager (Male) |
| 17:55 | Construir | Fish Trap |
| 18:36 | Construir | Fish Trap |
| 18:38 | Crear | Villager (Male) |
| 18:48 | Construir | Farm |
| 18:48 | Construir | Farm |
| 18:48 | Construir | Farm |
| 18:49 | Construir | Farm |
| 18:49 | Construir | Farm |
| 18:49 | Construir | Farm |
| 18:49 | Construir | Farm |
| 19:17 | Crear | Villager (Male) |
| 19:32 | Construir | Stable |
| 19:50 | Investigar | Man-at-Arms (upgrade) |
| 19:51 | Investigar | Man-at-Arms (upgrade) |
| 19:51 | Crear | Militia |
| 19:52 | Crear | Militia |
| 19:59 | Construir | Archery Range |
| 20:13 | Construir | Fish Trap |
| 20:18 | Crear | Militia |
| 20:26 | Construir | Fish Trap |
| 20:39 | Construir | Fish Trap |
| 20:41 | Construir | Fish Trap |
| 20:43 | Construir | Fish Trap |
| 20:49 | Construir | House |
| 20:54 | Construir | House |
| 20:58 | Construir | House |
| 21:04 | Construir | Fish Trap |
| 21:06 | Crear | Villager (Male) |
| 21:12 | Crear | Militia |
| 21:15 | Crear | Archer |
| 21:15 | Crear | Archer |
| 21:15 | Crear | Archer |
| 21:15 | Crear | Archer |
| 21:19 | Crear | Spearman |
| 21:20 | Crear | Spearman |
| 21:25 | Crear | Villager (Male) |
| 21:26 | Crear | Villager (Male) |
| 21:39 | Crear | Fishing Ship |
| 21:39 | Crear | Fishing Ship |
| 21:55 | Crear | Archer |
| 21:58 | Crear | Villager (Male) |
| 22:08 | Construir | Palisade Wall |
| 22:18 | Construir | Palisade Wall |
| 22:22 | Construir | Palisade Wall |
| 22:43 | Construir | Stone Wall |
| 22:48 | Crear | Villager (Male) |
| 22:48 | Crear | Villager (Male) |
| 22:57 | Construir | Fish Trap |
| 23:01 | Construir | Fish Trap |
| 23:10 | Construir | Palisade Gate |
| 23:23 | Construir | Mining Camp |
| 23:36 | Crear | Archer |
| 23:41 | Construir | House |
| 23:52 | Construir | House |
| 23:56 | Construir | House |
| 23:58 | Construir | Palisade Wall |
| 24:07 | Crear | Archer |
| 24:07 | Crear | Archer |
| 24:38 | Construir | House |
| 24:48 | Construir | Blacksmith |
| 25:24 | Construir | House |
| 25:31 | Crear | Villager (Male) |
Build order — Juminican
Primeras 150 de 210 acciones detectadas
| 0:03 | Crear | Villager (Male) |
| 0:03 | Crear | Villager (Male) |
| 0:03 | Crear | Villager (Male) |
| 0:04 | Crear | Villager (Male) |
| 0:05 | Construir | House |
| 0:11 | Construir | House |
| 0:15 | Construir | House |
| 0:44 | Investigar | Loom |
| 0:48 | Investigar | Loom |
| 0:49 | Crear | Villager (Male) |
| 0:49 | Crear | Villager (Male) |
| 0:49 | Crear | Villager (Male) |
| 1:14 | Construir | Palisade Wall |
| 1:49 | Construir | Palisade Wall |
| 2:04 | Construir | House |
| 2:06 | Crear | Villager (Male) |
| 2:07 | Crear | Villager (Male) |
| 2:43 | Crear | Villager (Male) |
| 2:44 | Crear | Villager (Male) |
| 3:13 | Crear | Villager (Male) |
| 3:14 | Crear | Villager (Male) |
| 3:45 | Construir | Lumber Camp |
| 3:53 | Crear | Villager (Male) |
| 3:53 | Crear | Villager (Male) |
| 4:26 | Crear | Villager (Male) |
| 4:27 | Crear | Villager (Male) |
| 4:45 | Crear | Villager (Male) |
| 4:45 | Crear | Villager (Male) |
| 5:45 | Crear | Villager (Male) |
| 5:46 | Crear | Villager (Male) |
| 5:54 | Construir | Mill |
| 6:06 | Crear | Villager (Male) |
| 6:07 | Crear | Villager (Male) |
| 6:28 | Crear | Villager (Male) |
| 6:28 | Crear | Villager (Male) |
| 6:29 | Crear | Villager (Male) |
| 6:42 | Construir | House |
| 6:44 | Construir | House |
| 7:00 | Crear | Villager (Male) |
| 7:01 | Crear | Villager (Male) |
| 7:21 | Crear | Villager (Male) |
| 7:21 | Crear | Villager (Male) |
| 7:24 | Crear | Villager (Male) |
| 7:24 | Crear | Villager (Male) |
| 8:03 | Crear | Villager (Male) |
| 8:03 | Crear | Villager (Male) |
| 8:22 | Construir | Mill |
| 8:32 | Crear | Villager (Male) |
| 8:32 | Crear | Villager (Male) |
| 8:36 | Crear | Villager (Male) |
| 8:37 | Crear | Villager (Male) |
| 9:06 | Crear | Villager (Male) |
| 9:06 | Crear | Villager (Male) |
| 9:36 | Crear | Villager (Male) |
| 9:36 | Crear | Villager (Male) |
| 10:10 | Investigar | Feudal Age |
| 10:11 | Crear | Villager (Male) |
| 10:11 | Crear | Villager (Male) |
| 10:30 | Construir | Lumber Camp |
| 10:41 | Construir | Mining Camp |
| 11:30 | Construir | Mining Camp |
| 11:41 | Construir | Donjon |
| 11:48 | Crear | Villager (Male) |
| 11:48 | Crear | Villager (Male) |
| 12:10 | Construir | Farm |
| 12:10 | Construir | Farm |
| 12:11 | Construir | Farm |
| 12:11 | Construir | Farm |
| 12:11 | Construir | Farm |
| 12:12 | Construir | Farm |
| 12:34 | Crear | Villager (Male) |
| 12:34 | Crear | Villager (Male) |
| 12:35 | Crear | Villager (Male) |
| 13:03 | Crear | Villager (Male) |
| 13:04 | Crear | Villager (Male) |
| 13:10 | Construir | House |
| 13:20 | Crear | Villager (Male) |
| 13:21 | Crear | Villager (Male) |
| 13:53 | Crear | Villager (Male) |
| 13:54 | Crear | Villager (Male) |
| 14:09 | Construir | Market |
| 14:11 | Crear | Villager (Male) |
| 14:12 | Crear | Villager (Male) |
| 14:22 | Construir | Blacksmith |
| 14:23 | Crear | Villager (Male) |
| 14:24 | Crear | Villager (Male) |
| 14:30 | Crear | Villager (Male) |
| 14:30 | Crear | Villager (Male) |
| 14:43 | Construir | House |
| 14:59 | Construir | Farm |
| 14:59 | Construir | Farm |
| 15:00 | Construir | Farm |
| 15:00 | Construir | Farm |
| 15:00 | Construir | Farm |
| 15:19 | Construir | House |
| 15:32 | Construir | Farm |
| 15:33 | Construir | Farm |
| 15:34 | Construir | Farm |
| 15:34 | Construir | Farm |
| 15:53 | Construir | Stone Wall |
| 16:01 | Construir | Gate |
| 16:20 | Investigar | Double-Bit Axe |
| 16:24 | Investigar | Horse Collar |
| 16:34 | Construir | Farm |
| 16:35 | Construir | Farm |
| 16:35 | Construir | Farm |
| 16:35 | Construir | Farm |
| 16:47 | Construir | Farm |
| 16:48 | Construir | Farm |
| 16:48 | Construir | Farm |
| 17:36 | Crear | Villager (Male) |
| 17:36 | Crear | Villager (Male) |
| 17:40 | Construir | Farm |
| 17:40 | Construir | Farm |
| 17:40 | Construir | Farm |
| 17:41 | Construir | Farm |
| 17:41 | Construir | Farm |
| 18:03 | Construir | Farm |
| 18:12 | Investigar | Castle Age |
| 18:34 | Crear | Serjeant |
| 18:34 | Crear | Serjeant |
| 18:41 | Construir | Farm |
| 18:53 | Investigar | Gold Mining |
| 18:57 | Investigar | Stone Mining |
| 19:05 | Investigar | Scale Mail Armor |
| 19:15 | Construir | House |
| 19:16 | Construir | House |
| 19:34 | Investigar | Forging |
| 19:44 | Construir | Lumber Camp |
| 19:54 | Crear | Serjeant |
| 19:54 | Crear | Serjeant |
| 19:56 | Crear | Villager (Male) |
| 20:31 | Construir | Donjon |
| 20:35 | Crear | Villager (Male) |
| 20:36 | Crear | Villager (Male) |
| 20:43 | Construir | House |
| 20:48 | Investigar | Fletching |
| 20:51 | Crear | Villager (Male) |
| 20:51 | Crear | Villager (Male) |
| 21:12 | Crear | Villager (Male) |
| 21:12 | Crear | Villager (Male) |
| 21:23 | Construir | Town Center |
| 21:27 | Crear | Villager (Male) |
| 21:28 | Crear | Villager (Male) |
| 21:49 | Construir | Siege Workshop |
| 22:04 | Investigar | Chain Mail Armor |
| 22:09 | Construir | House |
| 22:12 | Crear | Villager (Male) |
| 22:12 | Crear | Villager (Male) |
| 22:34 | Crear | Serjeant |
Cronología de la partida
| 0:22 | syedatun · wall_segment Palisade Wall x5 |
| 0:37 | Subbotai00 · wall_segment Palisade Wall x14 |
| 0:47 | syedatun · wall_segment Palisade Wall x9 |
| 1:06 | 370085982 · wall_segment Palisade Wall x6 |
| 1:14 | Juminican · wall_segment Palisade Wall x9 |
| 1:25 | syedatun · wall_segment Palisade Wall x1 |
| 1:49 | Juminican · wall_segment Palisade Wall x10 |
| 3:14 | steveroessler · wall_segment Palisade Wall x12 |
| 3:29 | 370085982 · wall_segment Palisade Wall x11 |
| 7:02 | SgtNinja · first_building Dock |
| 10:56 | steveroessler · age_up feudal |
| 10:57 | syedatun · first_building Dock |
| 11:25 | dafr1997 · age_up feudal |
| 11:41 | Juminican · first_building Donjon |
| 11:56 | SgtNinja · age_up feudal |
| 12:56 | Subbotai00 · age_up feudal |
| 13:05 | syedatun · first_building Barracks |
| 13:15 | Subbotai00 · wall_segment Stone Wall x19 |
| 13:18 | syedatun · age_up feudal |
| 13:26 | syedatun · wall_segment Stone Wall x9 |
| 13:31 | syedatun · wall_segment Stone Wall x4 |
| 13:51 | SgtNinja · first_market_buy 100 food |
| 13:56 | SgtNinja · first_market_sell 100 wood |
| 14:07 | quera65 · age_up feudal |
| 15:20 | dafr1997 · age_up castle |
| 15:31 | 370085982 · age_up feudal |
| 15:31 | syedatun · wall_segment Stone Wall x6 |
| 15:37 | dafr1997 · first_building Castle |
| 15:53 | Juminican · wall_segment Stone Wall x4 |
| 16:03 | syedatun · wall_segment Stone Wall x1 |
| 16:07 | syedatun · wall_segment Stone Wall x1 |
| 16:18 | 370085982 · wall_segment Stone Wall x5 |
| 16:27 | 370085982 · wall_segment Stone Wall x11 |
| 16:31 | syedatun · wall_segment Stone Wall x1 |
| 16:51 | SgtNinja · age_up castle |
| 17:02 | Juminican · first_market_buy 500 food |
| 17:04 | Juminican · first_market_sell 500 stone |
| 17:19 | Subbotai00 · first_building Barracks |
| 17:49 | 370085982 · wall_segment Stone Wall x4 |
| 17:56 | 370085982 · wall_segment Stone Wall x1 |
| 18:06 | 370085982 · wall_segment Stone Wall x1 |
| 18:18 | 370085982 · resign |
| 18:43 | steveroessler · age_up castle |
| 18:44 | Subbotai00 · first_building Stable |
| 18:47 | SgtNinja · wall_segment Stone Wall x1 |
| 18:48 | dafr1997 · first_market_sell 100 wood |
| 18:50 | SgtNinja · wall_segment Stone Wall x5 |
| 18:50 | dafr1997 · first_market_buy 100 stone |
| 18:54 | Subbotai00 · age_up castle |
| 19:03 | Subbotai00 · first_market_buy 100 wood |
| 19:19 | quera65 · age_up castle |
| 19:32 | syedatun · first_building Stable |
| 19:59 | syedatun · first_building Archery Range |
| 20:30 | SgtNinja · first_building Barracks |
| 21:08 | quera65 · first_building Barracks |
| 21:40 | steveroessler · first_building Castle |
| 21:49 | Juminican · first_building Siege Workshop |
| 21:56 | Subbotai00 · first_building Castle |
| 22:08 | syedatun · wall_segment Palisade Wall x7 |
| 22:12 | Subbotai00 · first_building Siege Workshop |
| 22:18 | syedatun · wall_segment Palisade Wall x8 |
| 22:20 | quera65 · wall_segment Palisade Wall x1 |
| 22:22 | syedatun · wall_segment Palisade Wall x6 |
| 22:43 | syedatun · wall_segment Stone Wall x3 |
| 22:46 | SgtNinja · first_building Stable |
| 23:24 | SgtNinja · first_building Monastery |
| 23:32 | quera65 · first_building Castle |
| 23:58 | syedatun · wall_segment Palisade Wall x1 |
| 25:22 | SgtNinja · first_building Siege Workshop |
| 26:16 | dafr1997 · first_building Barracks |
| 27:32 | quera65 · first_building Siege Workshop |
| 27:58 | Juminican · first_building Castle |
| 28:02 | syedatun · age_up castle |
| 29:00 | dafr1997 · first_building Stable |
[ ANÁLISIS IA · 1 CRÉDITO ]
¿Qué pasó realmente en esta partida?
Wolo.gg analiza cada decisión: build order, eco, micro, errores típicos por bracket. Análisis personalizado por WhatsApp o Discord en 30 segundos.
Guía civ
Britanos
Perfil
Jugador #19020313